 Dungeon Crawl Stone Soup version 0.19.1 (webtiles) character file.

1347 snakesoul the Magician (level 8, -7/41 HPs)
             Began as a Deep Elf Fire Elementalist on Dec 3, 2016.
             Was a Believer of Vehumet.
             Mangled by MirrMurr's ghost (19 damage)
             ... on level 6 of the Dungeon.
             The game lasted 00:22:31 (6321 turns).

snakesoul the Magician (Deep Elf Fire Elementalist) Turns: 6321, Time: 00:22:31

Health: -7/41      AC:  6    Str:  5    XL:     8   Next: 36%
Magic:  2/21       EV: 12    Int: 26    God:    Vehumet [**....]
Gold:   67         SH:  0    Dex: 15    Spells: 4 memorised, 9 levels left

rFire  . . .     SeeInvis .     d - +0 whip (venom)
rCold  . . .     Gourm    .     n - +0 leather armour
rNeg   . . .     Faith    .     (no shield)
rPois  +         Spirit   .     y - +0 helmet
rElec  +         Reflect  .     k - +0 cloak
rCorr  .         Harm     +     q - +0 pair of gloves
MR     +....                    (no boots)
Stlth  ++........               z - amulet of harm
                                D - ring "Zood" {*Corrode rElec rPois Int+3 Slay+2}
                                g - ring of protection from magic

@: very slightly contaminated
A: no striking features
a: Renounce Religion


You were on level 6 of the Dungeon.
You worshipped Vehumet.
Vehumet was pleased with you.
You were not hungry.

You visited 2 branches of the dungeon, and saw 7 of its levels.
You also visited: Sewer.

You collected 207 gold pieces.
You spent 140 gold pieces at shops.

Inventory:

Hand Weapons
 d - a +0 whip of venom (weapon)
Armour
 a - a +0 robe
 k - a +0 cloak (worn)
 n - a +0 leather armour (worn)
 q - a +0 pair of gloves (worn)
 y - a +0 helmet (worn)
Jewellery
 g - a ring of protection from magic (left hand)
 o - an uncursed ring of ice
 z - an amulet of harm (around neck)
 B - an uncursed ring of positive energy
 D - the ring "Zood" (right hand) {*Corrode rElec rPois Int+3 Slay+2}
   (You bought it in a shop on level 4 of the Dungeon)

   [ring of slaying]

   It affects your intelligence (+3).
   It affects your accuracy and damage with ranged weapons and melee attacks
   (+2).
   It insulates you from electricity.
   It protects you from poison.
   It may corrode you when you take damage.
 E - an uncursed ring of flight
Wands
 i - a wand of iceblast (9/15)
 C - a wand of flame (31/48)
Scrolls
 b - a scroll of immolation {unknown}
 h - 2 scrolls of remove curse {unknown}
 j - 5 scrolls of amnesia {unknown}
 l - a scroll of random uselessness {unknown}
 r - 2 scrolls of identify
 v - 2 scrolls of fear {unknown}
 x - 2 scrolls of enchant weapon {unknown}
 A - a scroll of recharging {unknown}
 F - a scroll of teleportation {unknown}
Potions
 e - 9 potions of heal wounds {unknown}
 f - 11 potions of curing {unknown}
 m - 2 potions of brilliance {unknown}
 t - a potion of degeneration {unknown}
 u - a potion of agility {unknown}
 w - a potion of berserk rage {unknown}
 G - 2 potions of flight {unknown}
 I - a potion of might {unknown}
Comestibles
 c - 2 bread rations
 p - 3 meat rations
 s - 2 slices of pizza


   Skills:
 - Level 2.4 Dodging
 - Level 2.4 Stealth
 + Level 7.5 Spellcasting
 + Level 7.1 Conjurations
 * Level 7.1 Fire Magic


You had 9 spell levels left.
You knew the following spells:

 Your Spells              Type           Power        Failure   Level  Hunger
a - Flame Tongue          Conj/Fire      #####        1%          1    None
b - Conjure Flame         Conj/Fire      #####...     1%          3    None
c - Sticky Flame          Conj/Fire      #####...     6%          4    ##.....
d - Fireball              Conj/Fire      #####.....   14%         5    #####..


Dungeon Overview and Level Annotations

Branches:
Dungeon (6/15)             Temple (1/1) D:5

Altars:
Ashenzari
Cheibriados
Elyvilon
Fedhas
Gozag
Hepliaklqana
Kikubaaqudgha
Makhleb
Qazlal
Sif Muna
Trog
Vehumet
Xom
Yredelemnul
Zin
The Shining One

Shops:
D:4 *

Annotations:
D:6 MirrMurr's ghost, novice GrGl


Message History

Casting: Flame Tongue
Confirm with . or Enter, or press ? or * to list all spells.
Aiming: Flame Tongue
Press: ? - help, Shift-Dir - straight line, f/p - MirrMurr's ghost
Aim: MirrMurr's ghost (moderately damaged)
The flame tongue hits MirrMurr's ghost.
MirrMurr's ghost resists.
MirrMurr's ghost is moderately damaged.
MirrMurr's ghost closely misses you.
Casting: Flame Tongue
Confirm with . or Enter, or press ? or * to list all spells.
You don't have enough magic to cast that spell.
Unknown command.
Unknown command.
Unknown command.
Unknown command.
Unknown command.
Unknown command.
Unknown command.
MirrMurr's ghost hits you!
You die...

### ..# #.# #.# .
#.#########.########....
.......@W...............
..#########.########....
#.# # #... #.# #....
#######.# #....
#.......# #....
#.#######
##....#######.#
#.............#


You could see MirrMurr's ghost.

Vanquished Creatures
  Menkaure (D:4)
  Edmund (D:4)
  2 water moccasins (D:5)
  A sky beast (D:5)
  An ogre (D:4)
  A bullfrog (D:5)
  2 scorpions (D:5)
  A howler monkey (D:5)
  2 orc priests (D:4)
  4 orc wizards
  Ijyb (D:2)
  A worker ant (D:5)
  A hound zombie (D:6)
  A howler monkey zombie (D:6)
  10 adders
  3 river rats (Sewer)
  An ooze (D:1)
  4 worms
  An adder skeleton (D:5)
  3 dart slugs
  4 leopard geckos
  11 orcs
  5 bats
  7 giant cockroaches
  8 goblins
  12 hobgoblins
  4 jackals (D:3)
  25 kobolds
  4 quokkas
  5 ball pythons
  9 frilled lizards
  26 rats
162 creatures vanquished.

Notes
Turn   | Place    | Note
-------+----------+-------------------------------------------
     0 | D:1      | snakesoul the Deep Elf Fire Elementalist began the quest for the Orb.
     0 | D:1      | Reached XP level 1. HP: 10/10 MP: 6/6
   276 | D:1      | Reached XP level 2. HP: 6/15 MP: 8/8
  1579 | D:2      | Reached XP level 3. HP: 19/19 MP: 7/9
  1862 | D:2      | Found a bloodstained altar of Trog.
  1907 | D:2      | Noticed Ijyb
  1918 | D:2      | Killed Ijyb
  1918 | D:2      | Reached XP level 4. HP: 16/24 MP: 4/11
  1981 | D:2      | Learned a level 3 spell: Conjure Flame
  1986 | D:2      | Learned a level 4 spell: Sticky Flame
  2209 | D:2      | Found a shattered altar of Ashenzari.
  2367 | D:2      | Found a deep blue altar of Sif Muna.
  2518 | D:3      | Reached XP level 5. HP: 28/28 MP: 7/13
  2777 | D:3      | Learned a level 5 spell: Fireball
  3472 | D:4      | Noticed an ogre
  3477 | D:4      | Killed an ogre
  3477 | D:4      | Reached skill level 5 in Spellcasting
  3477 | D:4      | Reached XP level 6. HP: 32/32 MP: 11/15
  3666 | D:4      | Reached skill level 5 in Conjurations
  3782 | D:4      | Noticed Menkaure
  3789 | D:4      | Killed Menkaure
  3940 | D:4      | Noticed Edmund
  3984 | D:4      | Killed Edmund
  3984 | D:4      | Reached skill level 5 in Fire Magic
  3984 | D:4      | Reached XP level 7. HP: 36/36 MP: 0/17
  4546 | D:4      | Found Ciojefic's Assorted Antiques.
  4571 | D:5      | Entered Level 5 of the Dungeon
  4679 | D:5      | Found an ancient bone altar of Kikubaaqudgha.
  4819 | D:4      | Bought a glittering turquoise ring for 140 gold pieces
  4819 | D:4      | Identified the ring "Zood" {*Corrode rElec rPois Int+3 Slay+2} (You bought it in a shop on level 4 of the Dungeon)
  5038 | D:5      | Reached XP level 8. HP: 41/41 MP: 14/20
  5106 | D:5      | Found a staircase to the Ecumenical Temple.
  5131 | Temple   | Entered the Ecumenical Temple
  5166 | Temple   | Became a worshipper of Vehumet
  5208 | D:5      | Found a glowing drain.
  5227 | Sewer    | Entered a sewer
  5401 | Sewer    | Reached * piety under Vehumet
  5401 | Sewer    | Offered knowledge of Freeze by Vehumet.
  5716 | Sewer    | Offered knowledge of Shock by Vehumet.
  5773 | Sewer    | Reached ** piety under Vehumet
  6291 | D:6      | Noticed MirrMurr's ghost (novice GrGl)
  6321 | D:6      | Mangled by MirrMurr's ghost

Skill      XL: |  1  2  3  4  5  6  7  8 |
---------------+-------------------------+-----
Conjurations   | 2 3 4 5 6 7 |  7.1
Spellcasting   | 4 5 6 7 |  7.5
Fire Magic     | 4 5 6 7 |  7.1
Dodging        | |  2.4
Stealth        | |  2.4

Action                   |  1- 3 |  4- 6 |  7- 9 || total
-------------------------+-------+-------+-------++-------
Melee: Whip              |    45 |     2 |     1 ||    48
 Cast: Flame Tongue      |    39 |   122 |   160 ||   321
       Conjure Flame     |       |     1 |     1 ||     2
       Sticky Flame      |       |       |     1 ||     1
       Fireball          |       |       |     1 ||     1
  Use: Scroll            |       |       |     3 ||     3
 Stab: Sleeping          |     3 |       |       ||     3
  Eat: Chunk             |     3 |     6 |     6 ||    15
       Beef jerky        |       |       |     1 ||     1
Armor: Robe              |     4 |       |       ||     4
       Leather armour    |       |     6 |    21 ||    27
Dodge: Dodged            |    38 |    24 |    16 ||    78
